 Dungeon Crawl Stone Soup version 0.31.0-32-g396128a36d (webtiles) character file.

Game seed: 9942423055494773554

105 Silvore the Shield-Bearer (level 4, -1/40 HPs)
             Began as a Minotaur Fighter on Mar 23, 2024.
             Slain by an orc wizard
             ... wielding a +0 dagger
              (3 damage)
             ... on level 3 of the Dungeon.
             The game lasted 00:03:04 (2001 turns).

Silvore the Shield-Bearer (Minotaur Fighter)        Turns: 2001, Time: 00:03:05

Health: -1/40      AC:  9    Str: 23    XL:     4   Next: 53%
Magic:  3/3        EV:  8    Int:  5    God:
Gold:   164        SH:  4    Dex:  9    Spells: 3/3 levels left

rFire   . . .        l - +0 mace
rCold   . . .        c - +0 buckler
rNeg    . . .        f - +0 chain mail
rPois   .            (helmet restricted)
rElec   .            (no cloak)
rCorr   .            (no gloves)
SInv    .            (no boots)
Will    .....        (no amulet) Stlth
                     (no ring)
HPRegen 0.26/turn    (no ring)
MPRegen 0.08/turn

%: no passive effects
@: no status effects
A: horns 2, retaliatory headbutt
a: no special abilities


You were on level 3 of the Dungeon.
You visited 1 branch of the dungeon, and saw 3 of its levels.

You collected 164 gold pieces.

Inventory:

Hand Weapons
 a - a +0 flail
 l - a +0 mace (weapon)
Armour
 b - a +0 scale mail
 c - a +0 buckler (worn)
 f - a +0 chain mail (worn)
Wands
 j - a wand of charming (7)
 q - a wand of iceblast (7)
Scrolls
 e - 2 scrolls of identify {unknown}
 h - a scroll of blinking {unknown}
 i - a scroll of noise {unknown}
 k - a scroll of enchant weapon {unknown}
 m - a scroll of teleportation {unknown}
 o - a scroll of poison {unknown}
Potions
 d - a potion of might
 g - a potion of curing {unknown}
 n - a potion of lignification {unknown}
 p - a potion of haste {unknown}


   Skills:
 + Level 4.2 Fighting
 + Level 3.7 Maces & Flails
 + Level 4.4 Armour
 + Level 0.2 Dodging
 + Level 0.1 Stealth
 + Level 4.5 Shields


You had 3 spell levels left.
You didn't know any spells.
Your spell library contained the following spells:

 Spells                   Type           Power      Damage    Failure   Level
 Lesser Beckoning         Tloc           0%         N/A       99%         2
 Gell's Gravitas          Tloc           0%         N/A       100%        3
 Teleport Other           Tloc           0%         N/A       100%        3


Dungeon Overview and Level Annotations

Branches:
Dungeon (3/15)

Altars:
Hepliaklqana
Kikubaaqudgha

Shops:
D:1 =


Innate Abilities, Weirdness & Mutations

You have a pair of horns on your head.
You reflexively headbutt those who attack you in melee.


Message History

You block the orc priest's attack.
You hit the orc priest but do no damage.
You block the bat's attack.
The orc priest hits you with a +0 dagger.
* * * LOW HITPOINT WARNING * * *
You barely miss the orc priest. The bat barely misses you.
You furiously retaliate!
You headbutt the bat!
You kill the bat!
The orc priest hits you with a +0 dagger.
* * * LOW HITPOINT WARNING * * *
The orc priest hits you but does no damage.
You sock the orc priest!
The orc priest is heavily wounded.
The orc priest misses you. You furiously retaliate!
You headbutt the orc priest!
You kill the orc priest!
You closely miss the orc wizard.
The orc wizard casts a spell.
The orc wizard flickers and vanishes!
Deactivating autopickup; reactivate with Ctrl-A.
You completely miss something. Your headbutt misses something.
You hear some strange, mumbled words.
A magic dart appears from out of thin air!
The magic dart hits you.
* * * LOW HITPOINT WARNING * * *
You closely miss something.
Something hits you but does no damage. x2
You miss something. Your headbutt misses something. Something hits you.
* * * LOW HITPOINT WARNING * * *
You closely miss something. Something hits you.
* * * LOW HITPOINT WARNING * * *
You barely miss something. Something hits you.
* * * LOW HITPOINT WARNING * * *
You hit something. Something hits you but does no damage.
You closely miss something. You headbutt something.
Something hits you but does no damage.
You hear some strange, mumbled words.
A puff of flame appears from out of thin air!
The puff of flame hits you but does no damage.
You completely miss something. Something hits you.
You die...

#.# ####.##.## #.#
#....# # #.# . #.##.#
# ###.# .. .. ##.##.#
#...# ..... #.....#
#.### .... ##..####
#.# ..... #<...# #.#
......###.##.# ##.#
......{@†....# ...#
#########.#### .######
.... .#....######
..### ...##.#..
.######..#
#####.#.##.........#
....#.#.#...### ##.#
.##.#.........####.#
.##.####...........###


There were no monsters in sight!

Vanquished Creatures
  An orc priest (D:3)
  An adder (D:2)
  A dart slug (D:3)
  An orc (D:3)
  7 ball pythons
  6 bats
  7 endoplasms
  2 giant cockroaches
  8 goblins
  5 hobgoblins
  3 jackals (D:1)
  4 quokkas (D:2)
  4 frilled lizards
  3 kobolds (D:1)
  4 rats
57 creatures vanquished.

Notes
Turn   | Place    | Note
-------+----------+-------------------------------------------
     0 | D:1      | Silvore the Minotaur Fighter began the quest for the Orb.
     0 | D:1      | Reached XP level 1. HP: 19/19 MP: 0/0
    85 | D:1      | Reached XP level 2. HP: 27/27 MP: 1/1
   186 | D:1      | Found Puxzaoxt's One-of-a-Kind Rings.
   653 | D:2      | Found an ancient bone altar of Kikubaaqudgha.
   692 | D:2      | Reached XP level 3. HP: 33/33 MP: 2/2
  1354 | D:3      | Found a hazy altar of Hepliaklqana.
  1721 | D:3      | Reached XP level 4. HP: 35/40 MP: 3/3
  1997 | D:3      | HP: 1/40 [something (3)]
  2001 | D:3      | Slain by an orc wizard

Illustrated notes

Levels and vault maps discovered:
D:1:      tarquinn_simple_flora_water_b, layout_loops_ring,
          nicolae_shop_unique_rings, kennysheep_decorative_pillar,
          minmay_pentomino_x4
D:2:      layout_loops_ring, basic_altar
D:3:      layout_basic, amcnicky_altar_gilded, lemuel_zombie_altar_yredelemnul,
          minmay_unequal

Skill      XL: |  1  2  3 |
---------------+----------+-----
Shields        | 4 |  4.5
Armour         | 4 |  4.4
Maces & Flails | 3 |  3.7
Fighting       | 4 |  4.2
Dodging        | |  0.2
Stealth        | |  0.1

Action                     |  1- 3 |  4- 6 || total
---------------------------+-------+-------++-------
  Melee: Flail             |    88 |       ||    88
         Headbutt          |    12 |     3 ||    15
         Mace              |     9 |    23 ||    32
 Armour: Scale mail        |    21 |       ||    21
         Chain mail        |    64 |    31 ||    95
  Dodge: Dodged            |    51 |     6 ||    57
  Block: Buckler           |    31 |     8 ||    39
